 Dungeon Crawl Stone Soup version 0.28.0-1-gb440e238dd (webtiles) character file.

Game seed: 6437082216763816392

59181 hikkokomori the Geomancer (level 14, -1/88 HPs)
             Began as a Gargoyle Earth Elementalist on Feb 25, 2022.
             Was an Elder of Vehumet.
             Slain by a death yak (15 damage)
             ... on level 5 of the Lair of Beasts on Feb 26, 2022.
             The game lasted 01:25:38 (28786 turns).

hikkokomori the Geomancer (GrEE)                   Turns: 28786, Time: 01:25:40

Health: -1/88      AC: 30    Str: 15    XL:     14   Next: 93%
Magic:  6/26       EV:  9    Int: 18    God:    Vehumet [****..]
Gold:   1332       SH:  6    Dex: 13    Spells: 20/30 levels left

rFire   + . .      SeeInvis .   M - +2 scimitar (elec)
rCold   + . .      Faith    .   s - +1 buckler {AC+3}
rNeg    + . .      Spirit   .   K - +3 scale mail
rPois   ∞          Reflect  .   X - +0 helmet
rElec   +          Harm     .   h - scarf {rC+ rF+}
rCorr   .          Rampage  .   k - +0 pair of fencer's gloves {Riposte Dex+3}
Will    ++...                   i - +0 pair of boots
Stlth   +.........              B - amulet of the acrobat
HPRegen 0.24/turn               m - ring of willpower
MPRegen 0.20/turn               J - +4 ring of protection

@: flying, studying Necromancy
A: sickness immunity, AC +10, big wings, negative energy resistance 1,
electricity resistance, torment resistance 1, petrification resistance
a: Renounce Religion


You were on level 5 of the Lair of Beasts.
You worshipped Vehumet.
Vehumet was greatly pleased with you.
You visited 3 branches of the dungeon, and saw 18 of its levels.

You collected 1675 gold pieces.
You spent 343 gold pieces at shops.

Inventory:

Hand Weapons
 b - the +1 whip of Integrity {flame, MP+9}
   (You found it on level 3 of the Lair of Beasts)

   It burns those it strikes, dealing additional fire damage.
   MP:        It affects your magic capacity (+9).
 o - a +5 morningstar
 M - a +2 scimitar of electrocution (weapon)
Missiles
 c - 303 stones
 I - a throwing net
Armour
 h - a scarf of resistance (worn)
 i - a +0 pair of boots (worn)
 k - the +0 pair of fencer's gloves (worn) {Riposte Dex+3}
   (You found it on level 5 of the Lair of Beasts)

   It allows the wearer to riposte with melee weapons, swiftly retaliating
   against missed attacks.
   Dex:       It affects your dexterity (+3).
 s - a +1 buckler of protection (worn)
 K - a +3 scale mail (worn)
 L - a +2 plate armour of cold resistance
 X - a +0 helmet (worn)
Jewellery
 m - a ring of willpower (left hand)
 r - a +4 ring of evasion
 x - a ring of willpower
 A - a ring of ice
 B - an amulet of the acrobat (around neck)
 F - a ring of see invisible
 J - a +4 ring of protection (right hand)
 R - a ring of fire
Wands
 v - a wand of mindburst (13)
 w - a wand of paralysis (10)
 y - a wand of charming (14)
 C - a wand of flame (20)
 V - a wand of acid (11)
 Z - a wand of iceblast (4)
Scrolls
 d - 2 scrolls of summoning
 f - 2 scrolls of amnesia {unknown}
 j - 2 scrolls of teleportation
 n - 2 scrolls of silence
 p - 2 scrolls of brand weapon {unknown}
 q - 4 scrolls of fog
 E - 4 scrolls of blinking
 H - 4 scrolls of fear
 N - 3 scrolls of enchant armour
 S - 2 scrolls of magic mapping {unknown}
 T - 2 scrolls of enchant weapon
 W - a scroll of holy word {unknown}
Potions
 a - 12 potions of curing
 e - 7 potions of heal wounds
 g - 2 potions of resistance
 l - 2 potions of haste
 t - 5 potions of might
 u - 4 potions of flight
 z - a potion of ambrosia {unknown}
 D - a potion of brilliance
 O - a potion of berserk rage
 P - a potion of cancellation {unknown}
 Y - 2 potions of lignification {unknown}
Miscellaneous
 Q - a phial of floods
 U - a lightning rod (3/4)


   Skills:
 - Level 10.2 Fighting
 + Level 3.7 Armour
 - Level 1.5 Dodging
 - Level 5.1 Stealth
 - Level 6.0 Shields
 - Level 8.6 Spellcasting
 + Level 14.5 Conjurations
 - Level 7.0 Summonings
 - Level 0.7 Transmutations
 + Level 14.5 Earth Magic
 - Level 8.1 Evocations


You had 20 spell levels left.
You knew the following spells:

 Your Spells              Type           Power      Damage    Failure   Level
a - Sandblast             Erth           100%       2d20      1%          1
b - Passwall              Tmut/Erth      29%        N/A       2%          2
c - Stone Arrow           Conj/Erth      100%       3d13      1%          3
d - Animate Armour        Summ/Erth      92%        N/A       4%          4

Your spell library contained the following spells:

 Spells                   Type           Power      Damage    Failure   Level
 Eringya's Noxious Bog    Tmut/Pois      4%         N/A       100%        6
 Foxfire                  Conj/Fire      100%       2x1d9     1%          1
 Scorch                   Fire           14%        2d5       17%         2
 Petrify                  Tmut/Erth      35%        N/A       19%         4
 Frozen Ramparts          Ice            14%        1d3       32%         3
 Pain                     Necr           28%        1d5       41%         1
 Wereblood                Tmut           10%        N/A       43%         2
 Corpse Rot               Necr/Air       14%        N/A       54%         2
 Ensorcelled Hibernation  Hex/Ice        14%        N/A       54%         2
 Spellforged Servitor     Conj/Summ      23%        N/A       69%         7
 Swiftness                Air            7%         N/A       78%         3
 Lehudib's Crystal Spear  Conj/Erth      28%        10d7      83%         8
 Animate Dead             Necr           3%         N/A       99%         4
 Agony                    Necr           7%         N/A       100%        5
 Haunt                    Necr/Summ      10%        N/A       100%        7
 Summon Hydra             Summ           16%        N/A       100%        7
 Borgnjor's Revivificati  Necr           3%         N/A       100%        8
 Infestation              Necr           3%         N/A       100%        8
 Necromutation            Tmut/Necr      4%         N/A       100%        8
 Summon Horrible Things   Summ           16%        N/A       100%        8
 Death's Door             Necr           3%         N/A       100%        9
 Sublimation of Blood     Necr           Unusable   N/A       N/A         2

Dungeon Overview and Level Annotations

Branches:
Dungeon (11/15)            Temple (1/1) D:6            Lair (6/6) D:10
  Swamp (0/4) Lair:2       Spider (0/4) Lair:3        Slime (0/5) Lair:5
    Orc (0/2) D:11

Altars:
Ashenzari
Cheibriados
Dithmenos
Elyvilon
Fedhas
Gozag
Hepliaklqana
Kikubaaqudgha
Makhleb
Nemelex Xobeh
Okawaru
Qazlal
Ru
Sif Muna
Trog
Uskayaw
Vehumet
Wu Jian
Xom
Yredelemnul
Zin
The Shining One
Jiyva
Lugonu

Shops:
D:4 (   D:5 [   D:8 (!   D:10 *   D:11 (=

Portals:
Abyss: Lair:6

Annotations:
D:10 3 runed translucent doors, exclusion: obsidian statue, croobank's ghost, novice TrBe
D:11 Gastronok
Lair:5 1 runed translucent door, Ribudoz's ghost, journeyman GnFi


Innate Abilities, Weirdness & Mutations

You are immune to sickness and miasma.
Your stone body is resilient. (AC +10)
You are immune to poison.
Your large and strong wings let you fly.
You resist negative energy. (rN+)
You are resistant to electric shocks. (rElec)
You are resistant to unholy torment.
You are immune to petrification.


Message History

The death yak gores you!
* * * LOW HITPOINT WARNING * * *
You fly upwards.
Level annotation: 1 runed translucent door, Ribudoz's ghost, journeyman GnFi
There is a stone staircase leading down here.
Casting: Stone Arrow (safe; 1% risk of failure)
Confirm with . or Enter, or press ? or * to list all spells.
Aiming: Stone Arrow (safe; 1% risk of failure)
Press: ? - help, Shift-Dir - straight line, f - death yak
Aim: a death yak (92% to hit)
The stone arrow hits the death yak!!
The death yak is moderately wounded.
The death yak gores you!
* * * LOW HITPOINT WARNING * * *
Casting: Stone Arrow (safe; 1% risk of failure)
Confirm with . or Enter, or press ? or * to list all spells.
The death yak gores you.
* * * LOW HITPOINT WARNING * * *
What are your orders? t - Shout!
Orders for allies: a - Attack new target. p - Attack previous target. r - Retreat! s - Stop attacking. g - Guard the area. f - Follow me.
Anything else - Cancel.
Gang up on whom?
Press: ? - help, Dir - move target, f/p - death yak
Aim: a death yak (moderately wounded, ally target) Attack!
The death yak gores you but does no damage.
Your animated scale mail hits the death yak!
Your animated scale mail hits the death yak.
Casting: Animate Armour (dangerous; 4% risk of failure)
Confirm with . or Enter, or press ? or * to list all spells.
Aiming: Stone Arrow (safe; 1% risk of failure)
Press: ? - help, Shift-Dir - straight line, f/p - death yak
Aim: a death yak (heavily wounded, ally target, 92% to hit)
The stone arrow hits the death yak!!
The death yak is severely wounded.
The death yak gores you!
You die...

##P# ##..#.##.....###.........
### #P..#####....#......#....
##...# ##..>.............
#...####.................
#.....#......##..........
##.#.........###P.........
########P.................#.#P...
#P##...P....##P.##...#P....###...
................@..........###..#
≈≈≈.............Y..........##.###
##≈..............[.........####
≈#≈..........................#
#≈≈.........................##
≈≈≈.......<..................#
............................##
###.###....P...#.#.#......#P#
#.## ####P########.#.#.#####


You could see a death yak (ally target) and a friendly animated scale mail
(summoned).

Vanquished Creatures
  8 hydras
  A centaur warrior (D:11)
  A catoblepas (Lair:4)
  3 two-headed ogres
  7 death yaks
  2 thrashing horrors (Lair:6)
  3 skeletal warriors
  An orb spider (Lair:3)
  A swamp dragon (Lair:2)
  2 ugly things (Lair:6)
  An oklob plant (Lair:5)
  A cyclops (D:11)
  6 elephants
  A manticore (D:11)
  A black mamba (Lair:6)
  15 cane toads
  A smoke demon (Lair:6)
  A rime drake (Lair:4)
  An unseen horror (shapeshifter) (Lair:6)
  2 torpor snails (Lair:6)
  8 komodo dragons
  2 trolls (D:11)
  2 ancient zymes (Lair:6)
  A raiju (shapeshifter) (Lair:6)
  A polar bear (Lair:3)
  Prince Ribbit (D:5)
  20 blink frogs
  3 dream sheep (Lair:4)
  2 hornets
  A meliai zombie (D:10)
  Sigmund (D:5)
  A shadow (D:11)
  15 wyverns
  A spriggan (Lair:6)
  A wraith (D:11)
  6 basilisks
  2 ynoxinuls (Lair:6)
  4 fire bats (Lair:3)
  21 yaks
  A fire elemental (Lair:5)
  2 steam dragons (D:11)
  A chaos spawn (Lair:6)
  An acid dragon (D:10)
  12 water moccasins
  An ice beast (D:7)
  6 orc warriors
  4 sky beasts
  2 necrophages
  11 wolves
  3 centaurs
  9 small abominations (Lair:6)
  2 phantoms
  2 kobold brigands
  11 bullfrogs
  2 scorpions
  A water moccasin zombie (D:5)
  2 nameless horrors
  14 wights
  4 electric eels
  5 howler monkeys
  5 centaur zombies
  A bullfrog skeleton (D:5)
  2 centaur skeletons
  A bullfrog zombie (D:6)
  A hound (D:5)
  2 orc priests
  3 iguanas
  8 orc wizards
  2 killer bee zombies
  2 hound skeletons (D:4)
  6 gnolls
  6 adders
  An ufetubus (D:6)
  An adder zombie (D:5)
  4 worms
  2 dart slugs
  19 orcs
  9 endoplasms
  2 giant cockroaches (D:1)
  10 goblins
  9 hobgoblins
  15 kobolds
  6 quokkas
  3 training dummies (D:8)
  3 ball pythons
  6 bats
  2 frilled lizards (D:1)
  13 rats
  2 butterflies (Lair:6)
394 creatures vanquished.

Vanquished Creatures (collateral kills)
  6 death yaks
  6 elephants
  A komodo dragon (Lair:5)
  An ancient zyme (Lair:6)
  A polar bear (Lair:5)
  2 blink frogs (Lair:6)
  2 dream sheep (Lair:4)
  A ynoxinul (Lair:6)
  2 large abominations (Lair:6)
  2 wyverns (Lair:5)
  13 yaks
  2 jellies (Lair:5)
  A small abomination (Lair:6)
  2 endoplasms (Lair:5)
  A butterfly (Lair:6)
43 creatures vanquished.

Vanquished Creatures (others)
  An iguana (Lair:2)
  A bush (Lair:6)
  43 fungi
  44 plants
89 creatures vanquished.

Grand Total: 526 creatures vanquished

Notes
Turn   | Place    | Note
-------+----------+-------------------------------------------
     0 | D:1      | hikkokomori the Gargoyle Earth Elementalist began the quest
                  | for the Orb.
     0 | D:1      | Reached XP level 1. HP: 10/10 MP: 3/3
   271 | D:1      | Reached XP level 2. HP: 15/15 MP: 3/5
   848 | D:1      | Reached XP level 3. HP: 19/19 MP: 6/6
  2220 | D:2      | Reached XP level 4. HP: 20/24 MP: 4/8
  2433 | D:2      | Got Zubeyfud's Grimoire of the Snowflakes and Evil
  3163 | D:3      | Noticed a scorpion
  3181 | D:3      | Killed a scorpion
  3182 | D:3      | Reached skill level 5 in Earth Magic
  3182 | D:3      | Reached XP level 5. HP: 19/28 MP: 0/10
  3870 | D:3      | Found a faded altar of an unknown god.
  4078 | D:4      | Found Zaiposamn's Antique Weapon Emporium.
  4188 | D:4      | Noticed a necrophage
  4211 | D:4      | Killed a necrophage
  4212 | D:4      | Reached XP level 6. HP: 13/32 MP: 10/12
  4402 | D:4      | Learned a level 2 spell: Passwall
  4406 | D:4      | Learned a level 3 spell: Stone Arrow
  4501 | D:4      | Reached skill level 1 in Fighting
  4501 | D:4      | Reached skill level 1 in Conjurations
  4885 | D:4      | Reached XP level 7. HP: 6/39 MP: 9/13
  5818 | D:5      | Entered Level 5 of the Dungeon
  5897 | D:5      | Reached skill level 5 in Stealth
  6291 | D:5      | Noticed Prince Ribbit
  6296 | D:5      | Killed Prince Ribbit
  6297 | D:5      | Reached XP level 8. HP: 48/48 MP: 4/14
  6388 | D:5      | Found an ancient bone altar of Kikubaaqudgha.
  6388 | D:5      | Found a broken altar of Ashenzari.
  6515 | D:5      | Noticed Sigmund
  6517 | D:5      | Killed Sigmund
  6626 | D:5      | Found Buerrast's Antique Armour Boutique.
  7072 | D:6      | Found a staircase to the Ecumenical Temple.
  7089 | Temple   | Entered the Ecumenical Temple
  7256 | Temple   | Became a worshipper of Vehumet
  7364 | D:6      | Reached skill level 1 in Shields
  8289 | D:7      | Reached skill level 5 in Fighting
  8289 | D:7      | Reached skill level 5 in Conjurations
  8402 | D:7      | Reached XP level 9. HP: 54/54 MP: 15/15
  9755 | D:5      | Bought a glowing buckler for 247 gold pieces
  9765 | D:5      | Learned a level 4 spell: Animate Armour
  9984 | D:8      | Found Wiur Asi's Distillery.
  9994 | D:8      | Bought a potion of might for 48 gold pieces
  9994 | D:8      | Bought a potion of brilliance for 48 gold pieces
 10051 | D:8      | Noticed a hornet
 10060 | D:8      | Killed a hornet
 10643 | D:8      | Found a basalt altar of Yredelemnul.
 10705 | D:8      | Found Avemm's Firing Range.
 10795 | D:8      | Reached * piety under Vehumet
 10795 | D:8      | Offered knowledge of Freeze by Vehumet.
 11187 | D:9      | Noticed a two-headed ogre
 11194 | D:9      | HP: 1/56 [two-headed ogre (19)]
 11195 | D:9      | Killed a two-headed ogre
 11196 | D:9      | Reached skill level 5 in Shields
 11196 | D:9      | Reached XP level 10. HP: 1/63 MP: 9/16
 11872 | D:9      | Found an iron altar of Okawaru.
 11960 | D:9      | Noticed a two-headed ogre
 11962 | D:9      | Reached skill level 10 in Earth Magic
 11967 | D:9      | Killed a two-headed ogre
 12063 | D:9      | Identified the +3 leather armour "Ugo Amom" {Harm SInv}
 12567 | D:10     | Entered Level 10 of the Dungeon
 12585 | D:10     | Found a runed translucent gate.
 12585 | D:10     | Found a runed translucent gate.
 12585 | D:10     | Found a runed translucent gate.
 12593 | D:10     | Found an opulent altar of Gozag.
 12593 | D:10     | Noticed a two-headed ogre
 12594 | D:10     | Noticed an obsidian statue
 12595 | D:10     | Found Lofodut's Assorted Antiques.
 12595 | D:10     | Noticed croobank's ghost (novice TrBe)
 12600 | D:10     | Noticed a sea snake
 12600 | D:10     | a merfolk changed into a sea snake
 12603 | D:10     | Noticed a two-headed ogre
 12604 | D:10     | a sea snake changed into a dream sheep
 12607 | D:10     | Killed a two-headed ogre
 12689 | D:10     | Noticed a torpor snail
 12821 | D:10     | Found a staircase to the Lair.
 12822 | D:10     | Noticed an elephant
 12996 | D:10     | Killed an elephant
 12997 | D:10     | Reached XP level 11. HP: 56/69 MP: 1/17
 13488 | D:10     | Offered knowledge of Shock by Vehumet.
 13506 | D:10     | Reached ** piety under Vehumet
 13979 | D:11     | Noticed a skeletal warrior
 13990 | D:11     | Killed a skeletal warrior
 14072 | D:11     | Noticed a skeletal warrior
 14073 | D:11     | Noticed a skeletal warrior
 14081 | D:11     | Killed a skeletal warrior
 14402 | D:10     | Killed a skeletal warrior
 14588 | D:11     | Noticed a cyclops
 14592 | D:11     | Killed a cyclops
 14662 | D:11     | Noticed a centaur warrior
 14666 | D:11     | Killed a centaur warrior
 14667 | D:11     | Reached skill level 10 in Fighting
 14667 | D:11     | Reached skill level 10 in Conjurations
 14669 | D:11     | Found Qirr's One-of-a-Kind Rings.
 14814 | D:11     | Found Peirow's Weapon Emporium.
 14892 | D:11     | Noticed Gastronok
 15154 | D:11     | Got the Incunabulum of Creative Ignition
 15184 | D:11     | Noticed a manticore
 15188 | D:11     | Killed a manticore
 15373 | D:11     | Found a staircase to the Orcish Mines.
 15406 | D:11     | Offered knowledge of Ignite Poison by Vehumet.
 15685 | D:11     | HP: 3/72 [Gastronok/the air (9)]
 16394 | Lair:1   | Entered Level 1 of the Lair of Beasts
 16455 | Lair:1   | Reached XP level 12. HP: 77/77 MP: 8/19
 16749 | Lair:1   | Reached *** piety under Vehumet
 17341 | Lair:1   | Reached skill level 5 in Spellcasting
 17348 | Lair:1   | Reached skill level 1 in Evocations
 17535 | Lair:2   | Found a staircase to the Swamp.
 18119 | Lair:2   | Noticed an eight-headed hydra
 18123 | Lair:2   | Killed an eight-headed hydra
 18773 | Lair:3   | Offered knowledge of Inner Flame by Vehumet.
 19021 | Lair:3   | Reached skill level 1 in Summonings
 19908 | Lair:3   | Found a hole to the Spider Nest.
 20191 | Lair:3   | Identified the +1 whip of Integrity {flame, MP+9}
 20370 | Lair:3   | Reached XP level 13. HP: 82/82 MP: 23/23
 20908 | Lair:4   | Reached **** piety under Vehumet
 20912 | Lair:4   | Reached skill level 5 in Evocations
 20912 | Lair:4   | Offered knowledge of Fulminant Prism by Vehumet.
 21021 | Lair:4   | HP: 2/82 [death yak (14)]
 21859 | Lair:4   | Identified a scroll of acquirement
 21859 | Lair:4   | Acquired 654 gold pieces
 23253 | Lair:5   | Reached skill level 5 in Summonings
 23338 | Lair:5   | Found a runed translucent door.
 23338 | Lair:5   | Found a viscous altar of Jiyva.
 23366 | Lair:5   | Found a staircase to the Slime Pits.
 23379 | Lair:5   | Found the +0 pair of fencer's gloves {Riposte Dex+3}
 23401 | Lair:5   | Reached ***** piety under Vehumet
 23401 | Lair:5   | Offered knowledge of Eringya's Noxious Bog by Vehumet.
 24181 | Lair:5   | Found a runed translucent door.
 24182 | Lair:5   | Noticed Ribudoz's ghost (journeyman GnFi)
 24357 | Lair:4   | Gained mutation: Your large and strong wings let you fly.
                  | [Gargoyle growth]
 24357 | Lair:4   | Reached XP level 14. HP: 79/88 MP: 9/26
 25104 | Lair:6   | Entered Level 6 of the Lair of Beasts
 26806 | Lair:6   | Found a corrupted altar of Lugonu.
 26806 | Lair:6   | Found a one-way gate to the infinite horrors of the Abyss.
 27287 | Lair:6   | Reached skill level 1 in Armour
 28786 | Lair:5   | Slain by a death yak

Illustrated notes

Levels and vault maps discovered:
D:1:      dpeg_arrival_ratfight, layout_basic, nrook_mini_vaults
D:2:      layout_loops_cross, minmay_cut_off
D:3:      layout_basic, shapermc_ecumenical_altar_petra, minmay_between
D:4:      layout_basic, serial_shops, nicolae_stop_n_shop_2, abandoned_shop
D:5:      layout_rooms, gammafunk_temple_overflow_pools, serial_shops,
          kennysheep_mini, uniq_prince_ribbit1, uniq_sigmund
D:6:      layout_gridville, minmay_temple_entry_ruins
D:7:      layout_loops_ring
D:8:      layout_cave_pools, mainiacjoe_overflow_cross_hatched, serial_shops,
          shop, serial_bayou_ford_a, dk_noncrumbling_4,
          nicolae_shop_firing_range
D:9:      layout_loops_ring, okawaru_trees_1
D:10:     layout_basic, david_lair_generic, ebering_ghost_gozag
D:11:     layout_roguey, david_orc_1_choice, serial_shops,
          nicolae_shop_behind_doors, hangedman_glass_teeth,
          nicolae_shop_unique_rings, hangedman_misty_isle, uniq_gastronok
Temple:   mainiacjoe_temple_coin_purse
Lair:1:   layout_regular_city
Lair:2:   layout_chaotic_city, minmay_swamp_entry_reptiles, beast_lair_carwin_6,
          grunt_megastairs_2
Lair:3:   layout_gridlike, nicolae_spider_entry_orb_guardian
Lair:4:   layout_cave_pods, nicolae_lair_yak_garden
Lair:5:   layout_gridlike, slime_altar_2, ebering_ghost_inner_flame,
          beast_lair_carwin_10
Lair:6:   hellmonk_lair_end_abyssal_woods, layout_regular_city,
          kennysheep_snail_temple, lemuel_fruit_fields, grunt_megastairs_4,
          serial_bayou_shore_b

Skill      XL: |  1  2  3  4  5  6  7  8  9 10 11 12 13 14 |
---------------+-------------------------------------------+-----
Earth Magic    | 4 5 6 7 8 9 11 12 13 14 | 14.5
Spellcasting   | 3 4 7 8 |  8.6
Stealth        | 3 4 5 |  5.1
Fighting       | 1 3 5 7 8 10 | 10.2
Conjurations   | 1 3 5 7 8 10 12 13 14 | 14.5
Shields        | 2 5 6 |  6.0
Evocations     | 4 6 8 |  8.1
Summonings     | 2 5 7 |  7.0
Armour         | 3 |  3.7
Dodging        | |  1.5
Transmutations | |  0.7

Action                   |  1- 3 |  4- 6 |  7- 9 | 10-12 | 13-15 || total
-------------------------+-------+-------+-------+-------+-------++-------
Melee: Club              |   124 |    41 |       |       |       ||   165
       Punch             |     3 |     2 |     3 |       |       ||     8
       War axe           |       |    84 |       |       |       ||    84
       Mace              |       |     6 |   164 |       |       ||   170
       Morningstar       |       |       |    70 |    27 |       ||    97
       Scimitar          |       |       |       |   346 |    97 ||   443
       Whip              |       |       |       |       |    62 ||    62
 Fire: Shortbow          |       |       |    18 |       |       ||    18
 Cast: Sandblast         |    31 |    29 |    29 |    42 |    10 ||   141
       Stone Arrow       |       |       |    63 |   170 |   338 ||   571
       Passwall          |       |       |     1 |       |       ||     1
       Animate Armour    |       |       |       |       |    31 ||    31
Evoke: Wand              |       |       |       |     3 |     1 ||     4
       Phial of floods   |       |       |       |     1 |       ||     1
       Lightning rod     |       |       |       |     2 |     3 ||     5
  Use: Scroll            |       |       |     2 |    12 |     7 ||    21
       Potion            |       |       |       |     1 |       ||     1
 Stab: Sleeping          |     4 |     6 |     5 |       |       ||    15
       Distracted        |       |       |       |     1 |       ||     1
       Petrified         |       |       |       |       |     6 ||     6
Armor: Robe              |    62 |    66 |   173 |    35 |       ||   336
       Scale mail        |       |       |       |   380 |   197 ||   577
       Plate armour      |       |       |       |       |     1 ||     1
Dodge: Dodged            |    75 |    85 |   184 |   317 |   136 ||   797
Block: Buckler           |       |       |    32 |   162 |    84 ||   278
       Rpst.: Whip       |       |       |       |       |     3 ||     3
       Scimitar          |       |       |       |       |    16 ||    16
